 Dungeon Crawl Stone Soup version 0.31-a0-716-gc7603755dd (webtiles) character file.

Game seed: 6039567684883125953

60 Ordine the Ruffian (level 4, 0/28 HPs)
             Began as an Octopode Shapeshifter on Sept 9, 2023.
             Killed by nerve-wracking pain
             ... invoked by Jessica
              (12 damage)
             ... on level 2 of the Dungeon.
             The game lasted 00:03:26 (1292 turns).

Ordine the Ruffian (Octopode Shapeshifter)          Turns: 1292, Time: 00:03:27

Health: 0/28       AC:  1    Str: 15    XL:     4   Next: 6%
Magic:  4/4        EV: 13    Int: 12    God:
Gold:   75         SH:  0    Dex: 11    Spells: 3/3 levels left

rFire   . .          .
                       - Unarmed
rCold   + . .        (no shield)
rNeg    . . .        (helmet currently unavailable)
rPois   .            (no amulet)
rElec   .            k - ring of protection from cold
rCorr   .            (no ring)
SInv    .            (no ring)
Will    .....        (no ring)
Stlth   +++          (no ring)
HPRegen 0.24/turn    (no ring)
MPRegen 0.09/turn    (no ring)
                     (no ring)

%: no passive effects
@: beast-form
A: beast (slay +1), almost no armour, amphibious, 8 rings, camouflage 1,
gelatinous body 1, (nimble swimmer 1), tentacles
a: Begin Untransformation


You were on level 2 of the Dungeon.
You were a hulking beast.
You visited 1 branch of the dungeon, and saw 2 of its levels.

You collected 75 gold pieces.

Inventory:

Jewellery
 k - a ring of protection from cold (left tentacle)
Talismans
 b - a beast talisman (active)
 c - a flux talisman
Scrolls
 e - 3 scrolls of identify {unknown}
 g - a scroll of fear {unknown}
 i - a scroll of butterflies {unknown}
 j - a scroll of noise {unknown}
 l - a scroll of immolation {unknown}
Potions
 a - a potion of lignification
 d - a potion of brilliance {unknown}
 f - a potion of curing {unknown}
 h - a potion of ambrosia {unknown}
 m - a potion of heal wounds {unknown}


   Skills:
 + Level 1.6 Fighting
 + Level 2.4 Dodging
 + Level 1.6 Stealth
 * Level 3.7 Unarmed Combat
 + Level 3.2 Shapeshifting


You had 3 spell levels left.
You didn't know any spells.
Your spell library contained the following spells:

 Spells                   Type           Power      Damage    Failure   Level
 Ignite Poison            Fire/Tmut/Pois 0%         N/A       69%         3
 Sticky Flame             Conj/Fire      0%         2d3       97%         4
 Ignition                 Fire           0%         3d3       100%        8


Dungeon Overview and Level Annotations

Branches:
Dungeon (2/15)

Altars:

Annotations:
D:2 Jessica


Innate Abilities, Weirdness & Mutations

You are a hulking beast.
Your limbs bulge with bestial killing power. (Slay +1)
You cannot wear most types of armour.
You are amphibious.
You can wear up to eight rings at the same time.
Your skin changes colour to match your surroundings (Stealth+).
Your rubbery body absorbs attacks. (AC +1, EV +1)
((You are camouflaged when in or above water. (Stealth+)))
You have tentacles for arms and can constrict up to eight enemies at once.


Message History

You kill the kobold!
You see here a +0 dagger.
Found a stone staircase leading down.
A ball python comes into view.
A hobgoblin comes into view.
The helpless ball python fails to defend itself.
You tentacle-slap the ball python. Your grab misses the ball python.
Your squeeze misses the ball python.
The ball python is moderately wounded.
The ball python barely misses you. The ball python grabs you.
The ball python constricts you.
You tentacle-slap the ball python.
You kill the ball python!
The hobgoblin shouts!
The hobgoblin hits you.
You tentacle-slap the hobgoblin but do no damage.
Your grab misses the hobgoblin. The hobgoblin closely misses you.
You tentacle-slap the hobgoblin.
You kill the hobgoblin!
No target in view!
There is a stone staircase leading down here.
Jessica the Apprentice Sorceress comes into view.
She is wielding a +0 club.
Jessica casts a spell at you. Pain shoots through your body!
Ouch! That really hurt!
You are too injured to fight recklessly!
You are too injured to fight recklessly!
You are too injured to fight recklessly!
Jessica closely misses you.
You tentacle-slap Jessica. Your grab misses Jessica.
Jessica is heavily wounded.
Jessica hits you with a +0 club.
You tentacle-slap Jessica. Your grab misses Jessica.
Jessica is severely wounded.
Jessica says, "Why did you come here?"
Jessica mumbles some strange words.
Jessica blinks!
Jessica points at you and mumbles some strange words.
Pain shoots through your body!
You die...

..##.# #.# ..... #.#
#.############ #.#
............. ...
...........# #.#
...........# #.#
...........# #ยง#
...).......# #.# #
...........#####h###.#
########..##.....@$..#
##...#.....##.#
###....#..# ###.>...#
#.##.....#
########.#...####
#.....##.#.#.#
#.....##.#.#.#


You could see Jessica.

Vanquished Creatures
  2 adders (D:2)
  A dart slug (D:2)
  5 bats (D:1)
  2 endoplasms
  3 giant cockroaches (D:2)
  4 goblins (D:1)
  5 hobgoblins
  3 kobolds
  4 ball pythons (D:2)
  3 frilled lizards (D:1)
  5 rats
37 creatures vanquished.

Notes
Turn   | Place    | Note
-------+----------+-------------------------------------------
     0 | D:1      | Ordine the Octopode Shapeshifter began the quest for the
                  | Orb.
     0 | D:1      | Reached XP level 1. HP: 13/13 MP: 1/1
   145 | D:1      | Found a faded altar of an unknown god.
   153 | D:1      | Reached XP level 2. HP: 17/18 MP: 2/2
   439 | D:1      | Reached skill level 1 in Stealth
   777 | D:2      | Reached XP level 3. HP: 23/23 MP: 3/3
  1084 | D:2      | Reached XP level 4. HP: 28/28 MP: 4/4
  1284 | D:2      | Noticed Jessica
  1292 | D:2      | Killed from afar by Jessica

Illustrated notes

Levels and vault maps discovered:
D:1:      lemuel_arrival_broad_hall, layout_basic,
          hellmonk_ecumenical_altar_run_dry, nicolae_hexahallways
D:2:      layout_basic, uniq_jessica

Skill      XL: |  1  2 |
---------------+-------+-----
Stealth        | 1 |  1.6
Fighting       | |  1.6
Dodging        | |  2.4
Unarmed Combat | |  3.7
Shapeshifting  | |  3.2

Action                     |  1- 3 |  4- 6 || total
---------------------------+-------+-------++-------
  Melee: Unarmed           |    59 |     8 ||    67
         Constrict         |    14 |     1 ||    15
         Tentacles         |    10 |       ||    10
   Stab: Sleeping          |     6 |     2 ||     8
 Armour: Skin              |    24 |     3 ||    27
  Dodge: Dodged            |    28 |     3 ||    31

Table legend: (Time is in decaauts)
 A = Elapsed time spent in this place.
 B = Non-inter-level travel time spent in this place.
 C = Inter-level travel time spent in this place.
 D = Time resting spent in this place.
 E = Time spent auto-exploring this place.
 F = Levels seen in this place.
 G = Mean time per level.
                   A        B        C        D        E       F      G
               +--------+--------+--------+--------+--------+-----+--------+
         Total |   1288 |   1192 |     96 |      0 |    980 |   2 |  644.0 |
       Dungeon |   1288 |   1192 |     96 |      0 |    980 |   2 |  644.0 |
               +--------+--------+--------+--------+--------+-----+--------+

Top non-repeatable levels by time:
     D:1: 764 daAuts
     D:2: 524 daAuts
